AoeStats
← spadaccinho91

Arabia

510429643Analyzed
1v1 RM · 9h ago on Oct 1, 2026· 25m 56s· 2 players
Game mode
Random Map
Map size
Tiny (2 player)
Population
200
Speed
Normal
Resources
Standard
Victory
Conquest
Starting age
Dark Age
Ending age
Imperial Age
RankedLock teamsTeams togetherTeam positionsShared explorationLock speedFull tech treeHidden civsTurbo modeCheats
Victory
Defeat
🇮🇹 Bulgarians · Italy
1009
+15
🇨🇴 Spanish · Colombia
994
-15
TheCamino
10:12 Feudal Age
8:29 Loom
10:47 Double-Bit Axe
10:46 Horse Collar
12:08 Wheelbarrow
11:13 Man-at-Arms
16:31 Town Watch
21:27 Bloodlines
23:32 Castle Age
22:00 Bloodlines
25:00 Hand Cart
24:41 Stone Mining
24:44 Gold Mining
spadaccinho91
10:15 Feudal Age
10:49 Arson
12:51 Double-Bit Axe
19:55 Castle Age
17:52 Fletching
18:09 Scale Mail Armor
21:10 Bodkin Arrow
25:06 Bow Saw
Connection lost

Rejoining the realm…

Still unreachable

The connection could not be restored.

Session expired

The server has moved on; the page needs a fresh start.